 Dungeon Crawl Stone Soup version 0.28-a0-1560-g060a6a1bfc (webtiles) character file.

Game seed: 1367926437027341857

35 Colgate the Sneak (level 3, -1/16 HPs)
             Began as a Spriggan Earth Elementalist on Jan 19, 2022.
             Was a Follower of Vehumet.
             Slain by Robin (4 damage)
             ... on level 2 of the Dungeon.
             The game lasted 00:11:34 (2088 turns).

Colgate the Sneak (Spriggan Earth Elementalist)     Turns: 2088, Time: 00:11:35

Health: -1/16      AC:  2    Str:  4    XL:     3   Next: 17%
Magic:  7/8        EV: 17    Int: 18    God:    Vehumet [*.....]
Gold:   106        SH:  0    Dex: 15    Spells: 4/8 levels left

rFire   . . .      SeeInvis +   a - +2 dagger (speed)
rCold   . . .      Faith    .   (no shield)
rNeg    . . .      Spirit   .   b - +0 robe
rPois   .          Reflect  .   (helmet restricted)
rElec   .          Harm     .   (no cloak)
rCorr   .          Rampage  .   (gloves unavailable)
Will    .....                   (boots unavailable)
Stlth   ++........              (no amulet)
HPRegen 0.05/turn               (no ring)
MPRegen 0.11/turn               (no ring)

@: very quick
A: very small, no large weapons, unfitting armour, see invisible, speed 3
a: Renounce Religion


You were on level 2 of the Dungeon.
You worshipped Vehumet.
Vehumet was aware of your devotion.
You visited 1 branch of the dungeon, and saw 2 of its levels.

You collected 106 gold pieces.

Inventory:

Hand Weapons
 a - a +2 dagger of speed (weapon)
Missiles
 c - 32 stones
Armour
 b - a +0 robe (worn)
Scrolls
 d - 3 scrolls of vulnerability {unknown}
 e - a scroll of torment {unknown}
 g - a scroll of fog {unknown}
Potions
 f - a potion of attraction {unknown}
 h - a potion of degeneration {unknown}
 i - 2 potions of flight {unknown}


   Skills:
 + Level 0.5 Short Blades
 - Level 3.0 Dodging
 - Level 3.0 Stealth
 - Level 3.0 Spellcasting
 - Level 3.0 Transmutations
 - Level 3.0 Earth Magic


You had 4 spell levels left.
You knew the following spells:

 Your Spells              Type           Power      Damage    Failure   Level
a - Sandblast             Erth           26%        2d8       4%          1
b - Passwall              Tmut/Erth      10%        N/A       7%          2
c - Shock                 Conj/Air       8%         1d3       16%         1

Your spell library contained the following spells:

 Spells                   Type           Power      Damage    Failure   Level
 Stone Arrow              Conj/Erth      16%        3d8       26%         3
 Ignite Poison            Fire/Tmut/Pois 6%         N/A       32%         3
 Dazzling Flash           Conj/Hex       4%         N/A       43%         3
 Mephitic Cloud           Conj/Pois/Air  2%         N/A       43%         3
 Summon Guardian Golem    Hex/Summ       2%         N/A       43%         3
 Petrify                  Tmut/Erth      13%        N/A       43%         4
 Agony                    Necr           2%         N/A       99%         5
 Freezing Cloud           Conj/Ice/Air   1%         6-21      99%         5
 Silence                  Hex/Air        1%         N/A       99%         5
 Orb of Destruction       Conj           1%         9d5       100%        7
 Spellforged Servitor     Conj/Summ      1%         N/A       100%        7


Dungeon Overview and Level Annotations

Branches:
Dungeon (2/15)

Altars:
Vehumet

Annotations:
D:2 exclusions: adder, bat and 2 goblins, Robin


Innate Abilities, Weirdness & Mutations

You are very small and have problems with some larger weapons.
You are too small for most types of armour.
You have supernaturally acute eyesight. (SInv)
You cover ground extremely quickly. (Speed+++)


Message History

Robin is heavily wounded.
Robin misses you. The frilled lizard misses you.
You hit Robin.
Robin is heavily wounded.
Robin misses you. The frilled lizard bites you.
You barely miss Robin.
Robin is heavily wounded.
You hit Robin but do no damage.
Robin is heavily wounded.
Robin completely misses you.
The frilled lizard completely misses you.
You hit Robin but do no damage.
Robin is heavily wounded.
Robin barely misses you. The frilled lizard misses you.
You hit Robin but do no damage.
Robin is heavily wounded.
You hit Robin.
Robin is severely wounded.
Robin barely misses you.
The frilled lizard completely misses you.
You hit Robin.
Robin is severely wounded.
The frilled lizard closely misses you. Robin barely misses you.
You hit Robin.
Robin is severely wounded.
You hit Robin but do no damage.
Robin is severely wounded.
Robin hits you with a +0 club.
The frilled lizard bites you but does no damage.
You completely miss Robin.
Robin is severely wounded.
Robin hits you with a +0 club.
* * * LOW HITPOINT WARNING * * *
The frilled lizard completely misses you.
You barely miss Robin.
Robin is severely wounded.
You closely miss Robin.
Robin is severely wounded.
Robin hits you with a +0 club.
You die...

###.# ..#.# #.# ..#.# #.#
#.# ##'#.## #.## #.# #
..... .... ... .. ##'#.#
#.##'#.##'# #)@#.#
#.#..#.#..# # #lg'.+
#.#..'.'.[#
.####.####.####.####.####
.........................
#########################
#.........##..# #.###
#............#####..[.
########..............
##................


You could see Robin and a frilled lizard.

Vanquished Creatures
  2 worms (D:2)
  A dart slug (D:2)
  3 bats
  An endoplasm (D:2)
  2 giant cockroaches
  5 goblins
  3 hobgoblins
  A quokka (D:1)
  3 ball pythons
  2 kobolds (D:1)
  2 rats (D:2)
25 creatures vanquished.

Notes
Turn   | Place    | Note
-------+----------+-------------------------------------------
     0 | D:1      | Colgate the Spriggan Earth Elementalist began the quest for
                  | the Orb.
     0 | D:1      | Reached XP level 1. HP: 9/9 MP: 5/5
   632 | D:1      | Reached XP level 2. HP: 9/13 MP: 4/6
   654 | D:1      | Learned a level 2 spell: Passwall
  1680 | D:2      | Reached XP level 3. HP: 12/16 MP: 5/8
  1854 | D:2      | Found a faded altar of an unknown god.
  1862 | D:2      | Prayed at the altar of an unknown god.
  1862 | D:2      | Became a worshipper of Vehumet
  1862 | D:2      | Reached * piety under Vehumet
  1862 | D:2      | Offered knowledge of Shock by Vehumet.
  1865 | D:2      | Learned a level 1 spell: Shock
  1991 | D:2      | Noticed Robin
  2088 | D:2      | Slain by Robin

Illustrated notes

Levels and vault maps discovered:
D:1:      minmay_arrival_plants_in_alcoves, layout_basic, minmay_split_cup_large
D:2:      minmay_door_path, layout_rooms, shapermc_ecumenical_altar_hornbeckon,
          uniq_robin

Skill      XL: |  1  2 |
---------------+-------+-----
Earth Magic    | 3 |  3.0
Dodging        | 3 |  3.0
Transmutations | 3 |  3.0
Spellcasting   | 3 |  3.0
Short Blades   | |  0.5
Stealth        | |  3.0

Action                   || total
-------------------------++-------
Melee: Unarmed           ||    49
       Dagger            ||    66
       Punch             ||     2
 Cast: Sandblast         ||    22
       Passwall          ||     6
       Shock             ||     2
 Stab: Sleeping          ||     6
Armor: Robe              ||    13
Dodge: Dodged            ||    81

Table legend: (Time is in decaauts)
 A = Elapsed time spent in this place.
 B = Non-inter-level travel time spent in this place.
 C = Inter-level travel time spent in this place.
 D = Time resting spent in this place.
 E = Time spent auto-exploring this place.
 F = Levels seen in this place.
 G = Mean time per level.
                   A        B        C        D        E       F      G
               +--------+--------+--------+--------+--------+-----+--------+
         Total |   1598 |   1552 |     46 |     33 |   1198 |   2 |  799.0 |
       Dungeon |   1598 |   1552 |     46 |     33 |   1198 |   2 |  799.0 |
               +--------+--------+--------+--------+--------+-----+--------+

Top non-repeatable levels by time:
     D:1: 1063 daAuts
     D:2: 534 daAuts
